 Dungeon Crawl Stone Soup version 0.23.0 (webtiles) character file.

Game seed: 5500652384769936029

674 jgonzale2218 the Cudgeler (level 7, -6/55 HPs)
             Began as a Demonspawn Chaos Knight on Feb 20, 2019.
             Was a Plaything of Xom.
             Mangled by an unseen horror (shapeshifter) (10 damage)
             ... on level 5 of the Dungeon.
             The game lasted 00:16:15 (3699 turns).

jgonzale2218 the Cudgeler (Demonspawn Chaos Knight) Turns: 3699, Time: 00:16:16

Health: -6/55      AC:  6    Str: 14    XL:     7   Next: 33%
Magic:  0/7        EV: 13    Int: 13    God:    Xom [..*...]
Gold:   279        SH:  0    Dex: 13    Spells: 6/6 levels left

rFire    . . .     SeeInvis .   a - +1 mace (chaos)
rCold    + . .     Gourm    .   (no shield)
rNeg     . . .     Faith    .   e - +1 ring mail
rPois    +         Spirit   +   (helmet restricted)
rElec    .         Reflect  .   (no cloak)
rCorr    .         Harm     .   (no gloves)
MR       .....     Rnd*Tele +   (no boots)
Stlth    +.........             (no amulet)
HPRegen  0.18/turn              f - ring of teleportation
MPRegen  0.10/turn              m - +4 ring of slaying

@: lethally poisoned (-6 -> -10)
A: claws 1, horns 1, repulsion field 1, cold resistance 1, poison resistance,
magic shield
a: Renounce Religion


You were on level 5 of the Dungeon.
You worshipped Xom.
You were a toy of Xom.
You were not hungry.

You visited 2 branches of the dungeon, and saw 6 of its levels.

You collected 279 gold pieces.

Inventory:

Hand Weapons
 a - a +1 mace of chaos (weapon)
 d - a +3 flail of protection
Armour
 b - a +2 leather armour
 e - a +1 ring mail (worn)
Jewellery
 f - a ring of teleportation (left claw)
 h - an uncursed ring of resist corrosion
 m - a +4 ring of slaying (right claw)
Wands
 g - a wand of digging (6)
 o - a wand of iceblast (3)
Scrolls
 j - 3 scrolls of identify
 n - a scroll of vulnerability {unknown}
Potions
 l - a potion of flight
Comestibles
 c - 4 rations


   Skills:
 + Level 4.5 Fighting
 + Level 5.2 Maces & Flails
 + Level 4.1 Armour
 + Level 2.2 Dodging
 + Level 2.0 Stealth


You had 6 spell levels left.
You didn't know any spells.
Your spell library was empty.

Dungeon Overview and Level Annotations

Branches:
Dungeon (5/15)             Temple (1/1) D:4

Altars:
Ashenzari
Cheibriados
Dithmenos
Fedhas
Gozag
Hepliaklqana
Kikubaaqudgha
Makhleb
Nemelex Xobeh
Okawaru
Qazlal
Ru
Sif Muna
Trog
Uskayaw
Wu Jian
Xom
Yredelemnul
Zin
The Shining One

Annotations:
D:4 Natasha


Innate Abilities, Weirdness & Mutations

You have sharp fingernails.
You are surrounded by a mild repulsion field. (EV +2)
Your flesh is cold resistant. (rC+)
When hurt, damage is shared between your health and your magic reserves.
You have a pair of small horns on your head.
Your system is resistant to poisons. (rPois)


Message History

* * * LOW HITPOINT WARNING * * *
The orc completely misses you. Something hits you.
* * * LOW HITPOINT WARNING * * *
You sock the orc! You burn the orc.
You kill the orc!
You feel sick. Something completely misses you.
The crimson imp throws a stone.
The stone hits you.
* * * LOW HITPOINT WARNING * * *
Something barely misses you.
The crimson imp hits you but does no damage.
Things that are here:
a +0 war axe; a stone You closely miss the crimson imp.
You feel sick. Something hits you!
* * * LOW HITPOINT WARNING * * *
The crimson imp hits you but does no damage.
You sock the crimson imp!
The crimson imp is severely wounded.
* * * LOW HITPOINT WARNING * * *
You feel sick. Something hits you!
You die...

...... #..#.#
##.....##..#.#
.......##..#.#
..(....##..#.# ##
#......##..#.####+# .
...............##.#.#
#..##..##..#.#.##.#.##.#.
...............5@(.......
#..##..##.##.#.##{#.##.#.
#..##..##.##.#.##.# #
#..##..##.####.##..
...........# ...##..
#.###..##### ..o #.#
..###..... ..♣.. .#
..........# #. .# .#
_..##..#.## #


You could see a crimson imp.

Vanquished Creatures
  Edmund (D:4)
  A centaur (D:5)
  2 scorpions
  A hound (D:3)
  2 orc priests (D:5)
  Natasha (twice) (D:4)
  A bullfrog skeleton (D:4)
  Ijyb (D:5)
  3 worker ants
  4 adders
  3 gnolls
  A river rat (D:4)
  A shadow imp (D:3)
  An ooze (D:2)
  An adder skeleton (D:5)
  2 worms
  A leopard gecko (D:1)
  6 orcs
  7 bats
  5 giant cockroaches
  10 goblins
  8 hobgoblins
  7 kobolds
  2 ball pythons
  2 frilled lizards (D:2)
  A quokka skeleton (D:4)
  7 rats
83 creatures vanquished.

Vanquished Creatures (collateral kills)
  3 gnolls (D:4)
3 creatures vanquished.

Grand Total: 86 creatures vanquished

Notes
Turn   | Place    | Note
-------+----------+-------------------------------------------
     0 | D:1      | jgonzale2218 the Demonspawn Chaos Knight began the quest
                  | for the Orb.
     0 | D:1      | Reached XP level 1. HP: 18/18 MP: 1/1
    37 | D:1      | XOM: divination: magic mapping
   164 | D:1      | Gained mutation: You have sharp fingernails. [demonic
                  | ancestry]
   164 | D:1      | Reached XP level 2. HP: 24/24 MP: 2/2
   178 | D:1      | Reached skill level 3 in Maces & Flails
   182 | D:1      | Reached skill level 1 in Dodging
   448 | D:1      | XOM: harmless Ice miscast
   667 | D:1      | Gained mutation: When hurt, damage is shared between your
                  | health and your magic reserves. [demonic ancestry]
   667 | D:1      | Reached XP level 3. HP: 25/29 MP: 3/3
  1145 | D:1      | XOM: mild Erth miscast
  1242 | D:2      | XOM: polymorph giant cockroach -> frilled lizard
  1477 | D:2      | XOM: 2-stop teleportation journey
  1539 | D:2      | XOM: smoke on damage
  1551 | D:2      | Gained mutation: Your flesh is cold resistant. (rC+)
                  | [demonic ancestry]
  1551 | D:2      | Reached XP level 4. HP: 24/37 MP: 4/4
  1818 | D:3      | Gained mutation: You are surrounded by a mild repulsion
                  | field. (EV +2) [demonic ancestry]
  1818 | D:3      | Reached XP level 5. HP: 22/42 MP: 2/5
  2117 | D:3      | XOM: harmless Air miscast
  2320 | D:3      | XOM: divination: detect items
  2389 | D:3      | XOM: mild Hex miscast
  2449 | D:4      | Noticed Natasha
  2453 | D:4      | Killed Natasha
  2505 | D:4      | Reached skill level 4 in Maces & Flails
  2568 | D:4      | XOM: harmless Necr miscast
  2659 | D:4      | XOM: confuse monster(s)
  2662 | D:4      | Noticed Natasha
  2673 | D:4      | Killed Natasha
  2673 | D:4      | Reached XP level 6. HP: 45/48 MP: 4/6
  2678 | D:4      | Reached skill level 1 in Stealth
  2700 | D:4      | Found a staircase to the Ecumenical Temple.
  2723 | Temple   | Entered the Ecumenical Temple
  2963 | D:4      | XOM: give mutation
  2963 | D:4      | Gained mutation: You do not regenerate when monsters are
                  | visible. [Xom's mischief]
  2984 | D:4      | Noticed Edmund
  2992 | D:4      | XOM: confuse monster(s)
  3006 | D:4      | Killed Edmund
  3116 | D:4      | Noticed Natasha
  3359 | D:5      | Entered Level 5 of the Dungeon
  3369 | D:5      | Found a sparkling altar of Nemelex Xobeh.
  3370 | D:5      | Found a glowing golden altar of the Shining One.
  3370 | D:5      | Found a bloodstained altar of Trog.
  3371 | D:5      | Found a hide-covered altar of Uskayaw.
  3377 | D:5      | Noticed Ijyb
  3390 | D:5      | Killed Ijyb
  3468 | D:5      | XOM: scenery: create altars
  3485 | D:5      | Reached XP level 7. HP: 21/55 MP: 3/7
  3554 | D:5      | XOM: cloud trail
  3564 | D:5      | Reached skill level 5 in Maces & Flails
  3618 | D:5      | Found a stormy altar of Qazlal.
  3683 | D:5      | Noticed a shapeshifter
  3683 | D:5      | an iguana changed into a shapeshifter
  3683 | D:5      | Noticed a spiny frog
  3683 | D:5      | a shapeshifter changed into a spiny frog
  3685 | D:5      | Noticed a black mamba
  3685 | D:5      | a spiny frog changed into a black mamba
  3690 | D:5      | Lost mutation: You do not regenerate when monsters are
                  | visible. [potion of mutation]
  3690 | D:5      | Gained mutation: Your system is resistant to poisons.
                  | (rPois) [potion of mutation]
  3690 | D:5      | Gained mutation: You have a pair of small horns on your
                  | head. [potion of mutation]
  3699 | D:5      | Mangled by an unseen horror (shapeshifter)

Skill      XL: |  1  2  3  4  5  6  7 |
---------------+----------------------+-----
Maces & Flails | 3 4 5 |  5.2
Dodging        | 1 2 |  2.2
Armour         | 2 3 4 |  4.1
Fighting       | 4 |  4.5
Stealth        | 1 2 |  2.0

Action                   |  1- 3 |  4- 6 |  7- 9 || total
-------------------------+-------+-------+-------++-------
Melee: Mace              |   116 |   127 |    24 ||   267
  Use: Scroll            |     4 |     7 |     1 ||    12
       Potion            |     1 |     6 |     2 ||     9
 Stab: Petrifying        |       |     1 |       ||     1
       Petrified         |       |     3 |       ||     3
       Paralysed         |       |     2 |       ||     2
  Eat: Ration            |     1 |     2 |       ||     3
       Chunk             |       |     1 |       ||     1
Armor: Leather armour    |    13 |       |       ||    13
       Ring mail         |    84 |    55 |    11 ||   150
Dodge: Dodged            |   107 |   131 |    24 ||   262
